 Dungeon Crawl Stone Soup version 0.21-a0-321-g91e3373 (webtiles) character file.

54125 Espgualade the Zephyrmancer (level 14, -2/92 HPs)
             Began as a Tengu Ice Elementalist on Sept 30, 2017.
             Was a High Priest of Vehumet.
             Shot with a sling bullet by a faun (15 damage)
             ... on level 3 of the Shoals.
             The game lasted 02:00:57 (27837 turns).

Espgualade the Zephyrmancer (TeIE)                 Turns: 27837, Time: 02:00:57

Health: -2/92      AC:  9    Str: 12    XL:     14   Next: 71%
Magic:  39/39      EV: 26    Int: 29    God:    Vehumet [*****.]
Gold:   1197       SH:  0    Dex: 27    Spells: 3/36 levels left

rFire    . . .     SeeInvis +   V - +7 spear of a Billion Places {venom, rPois}
rCold    . . .     Gourm    .   (no shield)
rNeg     . . .     Faith    .   n - +3 robe of Folly {Archmagi, MR-- Int+5}
rPois    +         Spirit   .   (helmet restricted)
rElec    .         Reflect  +   D - +0 cloak
rCorr    .         Harm     .   X - +2 pair of gloves {Str+3}
MR       .....                  (boots unavailable)
Stlth    +.........             w - amulet of Wephah {Reflect Dex+6 SH+2}
HPRegen  0.25/turn              v - ring "Juaqoz" {rPois MP+9 Int+4 Dex+6}
MPRegen  0.26/turn              F - ring of protection from magic

@: confused, flying quickly and evasively, slowed, glowing, studying Air Magic,
very slow
A: beak, talons 3, see invisible, robust 1, able to fly 2
a: Stop Flying, Renounce Religion


You were on level 3 of the Shoals.
You worshipped Vehumet.
Vehumet was extremely pleased with you.
You were hungry.

You visited 6 branches of the dungeon, and saw 22 of its levels.
You also visited: Labyrinth.

You collected 1197 gold pieces.

Inventory:

Hand Weapons
 u - a +2 dagger of speed
 V - the +7 spear of a Billion Places (weapon) {venom, rPois}
   (You found it in a labyrinth)

   It poisons the flesh of those it strikes.
   It protects you from poison.
Armour
 d - the +0 robe of Wangung {rPois}
   (You took it off a merfolk on level 3 of the Lair of Beasts)

   It protects you from poison.
 n - the +3 robe of Folly (worn) {Archmagi, MR-- Int+5}
   (You found it on level 4 of the Dungeon)

   It affects your intelligence (+5).
   It affects your resistance to hostile enchantments.
 D - a +0 cloak (worn)
 W - the +0 large shield of Letear {rN+ rCorr Int+9 Slay-2}
   (You found it in a labyrinth)

   It affects your intelligence (+9).
   It affects your accuracy and damage with ranged weapons and melee attacks
   (-2).
   It protects you from negative energy.
   It protects you from acid and corrosion.
 X - a +2 pair of gloves of strength (worn)
Magical Staves
 H - an uncursed staff of fire
 I - an uncursed staff of summoning {unknown}
 O - an uncursed staff of air
 Q - an uncursed staff of conjuration
 Y - an uncursed staff of wizardry
Jewellery
 b - a +5 ring of protection {unknown}
 v - the ring "Juaqoz" (left hand) {rPois MP+9 Int+4 Dex+6}
   (You found it in a labyrinth)

   [ring of dexterity]

   It affects your intelligence (+4).
   It affects your dexterity (+6).
   It protects you from poison.
   It affects your magic capacity (+9).
 w - the amulet of Wephah (around neck) {Reflect Dex+6 SH+2}
   (You found it on level 6 of the Lair of Beasts)

   [amulet of reflection]

   It shields you and reflects attacks.
   It affects your dexterity (+6).
   It affects your SH (+2).
 y - the ring of the Endless Expanse {*Corrode rC+ AC-3 Int+4}
   (You found it on level 4 of the Lair of Beasts)

   [ring of protection]

   It affects your AC (-3).
   It affects your intelligence (+4).
   It protects you from cold.
   It may corrode you when you take damage.
 B - an uncursed ring of positive energy {unknown}
 F - a ring of protection from magic (right hand)
 J - an uncursed amulet of magic regeneration
Wands
 e - a wand of digging (18/24)
 L - a wand of acid (6/15)
 R - a wand of flame (24/48)
 T - a wand of polymorph (14/24)
 U - a wand of confusion (24/48)
Scrolls
 f - 3 scrolls of amnesia
 i - 4 scrolls of enchant armour
 A - 9 scrolls of teleportation
 E - 3 scrolls of remove curse
 G - 3 scrolls of enchant weapon
 P - 3 scrolls of identify
 Z - a scroll of brand weapon {unknown}
Potions
 g - a potion of brilliance {unknown}
 h - a potion of resistance
 l - 2 potions of haste
 p - 2 potions of magic
 x - a potion of degeneration {unknown}
 K - 2 potions of might
 M - 2 potions of berserk rage
Books
 r - a book of the Sky

   Spells                             Type                      Level
   a - Summon Lightning Spire         Summoning/Air                4
   b - Silence                        Hexes/Air                    5
   c - Deflect Missiles               Charms/Air                   6
   d - Conjure Ball Lightning         Conjuration/Air              6
   e - Tornado                        Air                          9
 s - a manual of Air Magic
 t - a book of Misfortune

   Spells                             Type                      Level
   a - Confusing Touch                Hexes                        1
   b - Confuse                        Hexes                        3
   c - Gell's Gravitas                Translocation                3
   d - Petrify                        Transmutation/Earth          4
   e - Metabolic Englaciation         Hexes/Ice                    5
   f - Yara's Violent Unravelling     Hexes/Transmutation          5
 z - a book of Debilitation

   Spells                             Type                      Level
   a - Corona                         Hexes                        1
   b - Slow                           Hexes                        2
   c - Inner Flame                    Hexes/Fire                   3
   d - Portal Projectile              Hexes/Translocation          3
   e - Cause Fear                     Hexes                        4
   f - Leda's Liquefaction            Hexes/Earth                  4
 S - a book of Alchemy

   Spells                             Type                      Level
   a - Sublimation of Blood           Necromancy                   2
   b - Ignite Poison                  Fire/Transmutation/Poison    3
   c - Petrify                        Transmutation/Earth          4
   d - Alistair's Intoxication        Transmutation/Poison         5
   e - Irradiate                      Conjuration/Transmutation    5
Miscellaneous
 a - a lamp of fire
 q - a crystal ball of energy
 N - a phial of floods
Comestibles
 c - 2 bread rations
 j - 7 meat rations
 k - 7 royal jellies
 m - 9 fruits


   Skills:
 - Level 8.3 Fighting
 - Level 9.0 Dodging
 - Level 6.8 Stealth
 - Level 5.0 Shields
 - Level 11.5 Spellcasting
 - Level 10.1 Conjurations
 - Level 5.5 Hexes
 - Level 6.1 Charms
 - Level 5.1 Summonings
 - Level 9.0 Ice Magic
 + Level 11.8 Air Magic


You had 3 spell levels left.
You knew the following spells:

 Your Spells              Type           Power        Failure   Level  Hunger
a - Freeze                Ice            ####         1%          1    None
b - Throw Frost           Conj/Ice       ######       1%          2    None
c - Ozocubu's Armour      Chrm/Ice       ######..     1%          3    None
d - Throw Icicle          Conj/Ice       #######.     1%          4    None
e - Summon Ice Beast      Ice/Summ       ######..     1%          4    None
f - Metabolic Englaciati  Hex/Ice        ######....   4%          5    ###....
g - Lightning Bolt        Conj/Air       #######...   1%          5    ###....
h - Tornado               Air            #######...   98%         9    #######


Dungeon Overview and Level Annotations

Branches:
Dungeon (9/15)             Temple (1/1) D:5            Lair (6/6) D:9
 Shoals (3/4) Lair:3       Spider (1/4) Lair:4        Slime (2/5) Lair:5
    Orc: D:9-12

Altars:
Ashenzari
Cheibriados
Dithmenos
Elyvilon
Fedhas
Gozag
Hepliaklqana
Kikubaaqudgha
Makhleb
Nemelex Xobeh
Okawaru
Qazlal
Ru
Sif Muna
Trog
Uskayaw
Vehumet
Xom
Yredelemnul
Zin
The Shining One
Jiyva

Shops:
Shoals:2 *

Annotations:
D:3 Espgualade's ghost, amateur TeIE; Grinder


Innate Abilities, Weirdness & Mutations

You have a beak for a mouth.
You have claws for feet.
You can fly continuously.
You have supernaturally acute eyesight. (SInv)
You are robust. (+10% HP)


Message History

A faun comes into view. It is wielding an enchanted spear.
Okay, then.
You're too confused!
You're too confused!
The faun casts a spell at you.
You feel yourself slow down.
The faun shoots a sling bullet.
The sling bullet misses you.
You hear a splash.
Your ice beast hits the alligator snapping turtle but does no damage.
The alligator snapping turtle barely misses you.
You hit the alligator snapping turtle but do no damage.
The alligator snapping turtle is poisoned.
You claw the alligator snapping turtle!
The alligator snapping turtle is lightly wounded.
The faun unwields an uncursed spear of venom.
It stops dripping with poison.
The faun wields a hunting sling.
The faun shoots a stone.
The stone hits you!
* * * LOW HITPOINT WARNING * * *
The faun shoots a sling bullet.
The sling bullet hits you!
You die...

≈≈≈≈≈≈. ≈......≈#
≈≈≈≈≈≈. .......#
...≈≈≈(## #.....#
.c(c≈≈..# #...##
m.cH≈≈..####....##
....≈≈.%.....≈≈..######.
...≈≈.....Y..≈≈≈........
...≈≈≈≈≈.tY...≈...t.....
...≈≈≈≈≈@(Y.!.≈<.#......
.>≈≈≈≈≈≈≈(...≈≈..# ..<.≈
≈≈≈≈≈≈≈≈≈≈..≈≈≈≈.# .≈≈≈
≈≈≈≈≈≈≈≈≈..≈≈≈≈≈.... ≈≈≈
≈≈≈≈≈≈≈≈≈≈≈≈≈≈≈≈≈≈≈≈ ≈≈
≈≈≈≈≈≈≈≈≈≈≈≈≈≈≈≈≈≈≈≈≈ ≈
≈≈≈≈≈≈≈≈≈≈≈≈≈≈≈≈≈≈≈≈≈
≈≈≈≈≈≈≈≈≈≈≈≈≈≈≈≈≈≈≈≈≈


You could see an alligator snapping turtle, 3 fauns, a manticore and 3 friendly
ice beasts.

Vanquished Creatures
  A merfolk impaler (Shoals:2)
  A minotaur (Lab)
  2 hydras
  A merfolk avatar (Shoals:2)
  3 catoblepae (Lair:6)
  A two-headed ogre (D:8)
  5 death yaks (Lair:6)
  A merfolk aquamancer (Shoals:2)
  3 sea snakes
  5 manticores
  7 elephants
  2 merfolk sirens (Shoals:2)
  2 water nymphs (Shoals:1)
  7 spiny frogs
  2 rime drakes (Lair:6)
  3 komodo dragons
  5 merfolk
  A wind drake (Shoals:1)
  A jumping spider (Lair:4)
  2 polar bears
  A minotaur zombie (Lab)
  6 blink frogs (Lair:3)
  8 hippogriffs
  A snapping turtle (Shoals:1)
  A redback (Lair:4)
  A basilisk (Lair:6)
  31 yaks
  10 wyverns
  A water elemental (Shoals:2)
  3 fire bats (Lair:5)
  A steam dragon (Lair:4)
  4 swamp worms (Lair:5)
  Menkaure (D:7)
  10 water moccasins
  7 porcupines
  An ice beast (D:8)
  A black bear (Lair:3)
  An eye of draining (Slime:1)
  An ogre (D:8)
  2 orc warriors
  3 phantoms
  21 wolves
  5 centaurs
  9 crocodiles
  10 bullfrogs
  A wyvern skeleton (D:8)
  A scorpion (Lair:1)
  4 wights (D:6)
  2 vampire bats (Lair:5)
  A centaur zombie (D:9)
  6 crimson imps
  4 hounds
  4 orc priests
  3 worker ants
  2 iguanas
  8 orc wizards
  A hound skeleton (D:9)
  5 gnolls
  7 adders
  An ooze (D:2)
  5 worms
  3 dart slugs
  3 leopard geckos
  32 orcs
  A ball python (D:3)
  5 giant cockroaches
  6 goblins
  2 hobgoblins (D:2)
  9 jackals
  4 quokkas
  9 bats
  9 frilled lizards
  10 kobolds
  7 rats
350 creatures vanquished.

Vanquished Creatures (collateral kills)
  2 acid blobs (Slime:1)
  A merfolk javelineer (Shoals:1)
  5 hydras (Lair:6)
  3 death yaks (Lair:6)
  Nergalle (Lair:3)
  A faun (Shoals:1)
  4 oklob plants (Lair:6)
  8 elephants
  2 black mambas
  A spiny frog (Lair:3)
  4 rime drakes
  A komodo dragon (Lair:1)
  A minotaur zombie (Lab)
  A troll (D:9)
  3 slime creatures (Slime:1)
  A snapping turtle (Shoals:1)
  3 hippogriffs (Lair:6)
  2 blink frogs (Lair:3)
  3 water elementals (Shoals:2)
  4 wyverns
  28 yaks
  3 basilisks
  5 swamp worms (Lair:5)
  4 water moccasins
  An orc warrior (D:8)
  A porcupine (Lair:2)
  An ice beast (D:8)
  11 wolves
  A necrophage (D:9)
  4 crocodiles
  A scorpion (D:9)
  An orc priest (D:8)
  An orc wizard (D:8)
  8 worms (Lair:5)
  2 orcs
  A bat (Lair:5)
  A quokka (D:9)
  2 plants (Lair:5)
127 creatures vanquished.

Vanquished Creatures (others)
  3 bushes (Lair:6)
  31 fungi
  32 plants
66 creatures vanquished.

Grand Total: 543 creatures vanquished

Notes
Turn   | Place    | Note
-------+----------+-------------------------------------------
     0 | D:1      | Espgualade the Tengu Ice Elementalist began the quest for the Orb.
     0 | D:1      | Reached XP level 1. HP: 10/10 MP: 4/4
   358 | D:1      | Reached skill level 1 in Fighting
   391 | D:1      | Reached XP level 2. HP: 15/16 MP: 6/6
   789 | D:1      | Learned a level 2 spell: Throw Frost
   941 | D:2      | Reached XP level 3. HP: 12/22 MP: 7/7
  1782 | D:2      | Learned a level 3 spell: Ozocubu's Armour
  1810 | D:3      | Reached XP level 4. HP: 13/28 MP: 8/8
  2022 | D:3      | Noticed Espgualade's ghost (amateur TeIE)
  2514 | D:3      | Noticed Grinder
  2677 | D:3      | Gained mutation: You can fly. [Tengu growth]
  2677 | D:3      | Reached XP level 5. HP: 25/34 MP: 4/9
  3345 | D:4      | Found a shimmering altar of Xom.
  3480 | D:4      | Reached skill level 5 in Fighting
  3665 | D:4      | Found the +3 robe of Folly {Archmagi, MR-- Int+5}
  3876 | D:5      | Entered Level 5 of the Dungeon
  3902 | D:5      | Reached XP level 6. HP: 38/40 MP: 5/10
  4626 | D:5      | Found a staircase to the Ecumenical Temple.
  4638 | Temple   | Entered the Ecumenical Temple
  4774 | D:5      | Gained mutation: You are robust. (+10% HP) [potion of mutation]
  4774 | D:5      | Gained mutation: You have supernaturally acute eyesight. (SInv) [potion of mutation]
  4786 | D:5      | Reached XP level 7. HP: 41/48 MP: 2/11
  5666 | D:5      | Reached skill level 5 in Dodging
  5666 | D:5      | Reached skill level 5 in Stealth
  5966 | D:7      | Noticed a hippogriff
  5994 | D:7      | Killed a hippogriff
  5994 | D:7      | Reached XP level 8. HP: 25/53 MP: 0/14
  6407 | D:7      | Learned a level 4 spell: Throw Icicle
  6412 | D:7      | Learned a level 4 spell: Summon Ice Beast
  6436 | D:7      | Reached skill level 5 in Spellcasting
  6462 | D:7      | Noticed Menkaure
  7935 | D:6      | Found a shattered altar of Ashenzari.
  7998 | D:6      | Reached XP level 9. HP: 16/59 MP: 19/19
  8338 | D:7      | Killed Menkaure
  8659 | D:8      | Found a shattered altar of Ashenzari.
  8938 | D:8      | Reached skill level 5 in Summonings
  8991 | D:8      | Found a basalt altar of Yredelemnul.
  8991 | D:8      | Found a glowing silver altar of Zin.
  8991 | D:8      | Found a sparkling altar of Nemelex Xobeh.
  8991 | D:8      | Found a glowing golden altar of the Shining One.
  9004 | D:8      | Found an ancient bone altar of Kikubaaqudgha.
  9004 | D:8      | Found a radiant altar of Vehumet.
  9018 | D:8      | Became a worshipper of Vehumet
  9106 | D:8      | Noticed a two-headed ogre
  9126 | D:8      | Killed a two-headed ogre
  9126 | D:8      | Reached skill level 5 in Conjurations
 10106 | D:9      | Noticed a troll
 10146 | D:9      | Found a hide-covered altar of Uskayaw.
 10301 | D:9      | Reached XP level 10. HP: 62/64 MP: 9/20
 10583 | D:9      | Reached skill level 10 in Conjurations
 10590 | D:9      | Reached * piety under Vehumet
 10590 | D:9      | Offered knowledge of Magic Dart by Vehumet.
 10765 | D:9      | Found a staircase to the Lair.
 11464 | Lair:1   | Entered Level 1 of the Lair of Beasts
 11913 | Lair:1   | Reached ** piety under Vehumet
 11934 | Lair:1   | Offered knowledge of Sting by Vehumet.
 12121 | Lair:1   | Reached XP level 11. HP: 60/70 MP: 17/25
 12326 | Lair:1   | Reached skill level 5 in Ice Magic
 13748 | Lair:2   | Offered knowledge of Stone Arrow by Vehumet.
 13981 | Lair:2   | Reached *** piety under Vehumet
 15156 | Lair:2   | Offered knowledge of Ignite Poison by Vehumet.
 15360 | Lair:3   | Noticed Nergalle
 16374 | Lair:3   | Reached XP level 12. HP: 81/81 MP: 6/26
 16476 | Lair:3   | Got a slimy robe
 16487 | Lair:3   | Identified the +0 robe of Wangung {rPois} (You took it off a merfolk on level 3 of the Lair of Beasts)
 16577 | Lair:3   | Killed Nergalle
 16588 | Lair:3   | Noticed an eight-headed hydra
 16597 | Lair:3   | Killed an eight-headed hydra
 16897 | Lair:3   | Found a staircase to the Shoals.
 17365 | Lair:3   | Reached skill level 1 in Charms
 17490 | Shoals:1 | Entered Level 1 of the Shoals
 17627 | Lair:4   | Reached **** piety under Vehumet
 17792 | Lair:4   | Offered knowledge of Conjure Flame by Vehumet.
 17967 | Lair:4   | Found a hole to the Spider Nest.
 18008 | Lair:4   | Noticed a seven-headed hydra
 18022 | Lair:4   | Killed a seven-headed hydra
 18232 | Lair:4   | Got a twitching tin ring
 18259 | Lair:4   | Identified the cursed ring of the Endless Expanse {*Corrode rC+ AC-3 Int+4} (You found it on level 4 of the Lair of Beasts)
 18406 | Spider:1 | Entered Level 1 of the Spider Nest
 18817 | Lair:5   | Found a viscous altar of Jiyva.
 18818 | Lair:5   | Found a staircase to the Slime Pits.
 20628 | Lair:5   | Reached skill level 5 in Charms
 20801 | Lair:6   | Entered Level 6 of the Lair of Beasts
 20822 | Lair:6   | Found a labyrinth entrance.
 20829 | Lab      | Entered a labyrinth
 21460 | Lab      | Noticed a minotaur
 21471 | Lab      | Killed a minotaur
 21471 | Lab      | Reached XP level 13. HP: 85/85 MP: 13/27
 21479 | Lab      | Got a fine ivory ring
 21480 | Lab      | Got an ancient spear
 21480 | Lab      | Got a faintly glowing large shield
 21970 | Lair:6   | Reached ***** piety under Vehumet
 21985 | Lair:6   | Learned a level 5 spell: Metabolic Englaciation
 22031 | Lair:6   | Offered knowledge of Lightning Bolt by Vehumet.
 22037 | Lair:6   | Reached skill level 1 in Hexes
 22910 | Lair:2   | Identified the cursed +0 large shield of Letear {rN+ rCorr Int+9 Slay-2} (You found it in a labyrinth)
 22911 | Lair:2   | Identified the +7 spear of a Billion Places {venom, rPois} (You found it in a labyrinth)
 22914 | Lair:2   | Identified the ring "Juaqoz" {rPois MP+9 Int+4 Dex+6} (You found it in a labyrinth)
 23057 | Slime:1  | Entered Level 1 of the Pits of Slime
 23057 | Slime:1  | Noticed an acid blob
 23064 | Slime:1  | Killed an acid blob
 23229 | Slime:1  | Noticed an acid blob
 23237 | Slime:1  | Killed an acid blob
 23523 | Lair:6   | Reached skill level 5 in Hexes
 23878 | Lair:6   | Reached skill level 5 in Shields
 24168 | Lair:6   | Gained mutation: You can fly continuously. [Tengu growth]
 24168 | Lair:6   | Reached XP level 14. HP: 47/92 MP: 28/28
 24176 | Lair:6   | Reached skill level 10 in Spellcasting
 24966 | Lair:6   | Got a steaming bone amulet
 24968 | Lair:6   | Identified the amulet of Wephah {Reflect Dex+6 SH+2} (You found it on level 6 of the Lair of Beasts)
 25130 | Lair:3   | Learned a level 5 spell: Lightning Bolt
 25201 | Lair:3   | Offered knowledge of Sticky Flame by Vehumet.
 25201 | Lair:3   | Reached skill level 1 in Air Magic
 25718 | Shoals:1 | Reached skill level 5 in Air Magic
 26874 | Shoals:2 | Found Qiakal's Assorted Antiques.
 26906 | Shoals:2 | Learned a level 9 spell: Tornado
 27051 | Shoals:2 | Reached skill level 10 in Air Magic
 27828 | Shoals:3 | HP: 4/92 [alligator snapping turtle (45)]
 27837 | Shoals:3 | Shot with a sling bullet by a faun

Vault maps used:
D:1:      lightli_arrival_lavapool
D:2:      first_bread
D:3:      overflow_temple_1_default, uniq_natasha, uniq_grinder, uniq_ijyb
D:4:      overflow_temple_1_default
D:5:      minmay_temple_entry_hall
D:6:      lemuel_round_altar
D:7:      uniq_menkaure
D:8:      minmay_overflow_temple_hex, nicolae_ashenzari_panopticon
D:9:      nicolae_overflow_hidden_temple, minmay_lair_entry_grove
Temple:   nicolae_temple_hex_pool
Lair:2:   st_stairs_9, nicolae_lair_grove_arrangements,
          grunt_forest_large_clearings
Lair:3:   elwin_shoals_entry_rooms, patterned_corridor,
          infiniplex_staircase_pool_2, uniq_nergalle
Lair:4:   spider_nest_entry_a, grunt_megastairs_2, serial_bayou_shore_b
Lair:5:   slime_altar_1, st_stairs_8, roderic_batcave, worms_lemuel
Lair:6:   evilmike_catoblepas_cave, special_room, lab_entry_generic,
          minmay_lair_oklob_chamber
Shoals:2: serial_shops, shop
Shoals:3: nicolae_shoals_this_corrosion
Spider:1: hangedman_spider_tarantella_strand, uniq_louise
Lab:      labyrinth_hidden_loot, labyrinth_skeletal_remains

Skill      XL: |  1  2  3  4  5  6  7  8  9 10 11 12 13 14 |
---------------+-------------------------------------------+-----
Fighting       | 1 2 3 4 5 8 |  8.3
Dodging        | 4 5 6 9 |  9.0
Stealth        | 3 5 6 |  6.8
Spellcasting   | 3 6 9 11 | 11.5
Ice Magic      | 4 7 8 9 |  9.0
Summonings     | 5 |  5.1
Conjurations   | 8 10 | 10.1
Charms         | 5 6 |  6.1
Hexes          | 5 |  5.5
Shields        | 5 |  5.0
Air Magic      | 11 | 11.8

Action                   |  1- 3 |  4- 6 |  7- 9 | 10-12 | 13-15 || total
-------------------------+-------+-------+-------+-------+-------++-------
Melee: Dagger            |    60 |    10 |   298 |   130 |       ||   498
       Kick              |    23 |    34 |    88 |    36 |    28 ||   209
       Peck              |    11 |    21 |    57 |    25 |    22 ||   136
       Unarmed           |     2 |       |       |       |       ||     2
       Short sword       |    50 |   133 |       |       |       ||   183
       Spear             |       |       |       |       |    59 ||    59
       Staff             |       |       |       |       |    14 ||    14
 Cast: Freeze            |     7 |    52 |    57 |   123 |    38 ||   277
       Ozocubu's Armour  |       |     1 |     5 |     3 |     4 ||    13
       Throw Frost       |       |    12 |    32 |    44 |    11 ||    99
       Summon Ice Beast  |       |       |    17 |    79 |    73 ||   169
       Throw Icicle      |       |       |       |   146 |   185 ||   331
       Metabolic Englaci |       |       |       |       |     2 ||     2
       Lightning Bolt    |       |       |       |       |     1 ||     1
 Abil: Fly               |       |       |     7 |    10 |     7 ||    24
Evoke: Wand              |       |       |     5 |       |       ||     5
  Use: Scroll            |     1 |     5 |    12 |    13 |     3 ||    34
       Potion            |       |     2 |     3 |     6 |     3 ||    14
 Stab: Sleeping          |     6 |     3 |     9 |     1 |     1 ||    20
       Distracted        |     1 |       |     2 |     1 |     1 ||     5
  Eat: Chunk             |     3 |    10 |     1 |    22 |     7 ||    43
       Bread ration      |       |       |     5 |     2 |       ||     7
       Fruit             |       |       |       |     9 |     7 ||    16
       Meat ration       |       |       |       |     1 |     1 ||     2
Armor: Robe              |    15 |    19 |    46 |    45 |    28 ||   153
       Skin              |       |       |       |    35 |       ||    35
Dodge: Dodged            |    53 |    89 |   179 |   270 |   145 ||   736
Block: Other             |       |       |       |       |     3 ||     3

Table legend:
 A = Spawn XP
 B = Non-spawn XP
 C = Spawn XP percentage of total XP
 D = Spawn monster count
 E = Non-spawn monster count
 F = Spawn count percentage of total count
 G = Total turns spent on level
                    A         B        C        D         E        F      G
               +---------+---------+-------+---------+---------+-------+---------
         Total |       0 |   77322 |   0.0 |       0 |     475 |   0.0 | 27837
               +---------+---------+-------+---------+---------+-------+---------
           D:1 |       0 |      18 |   0.0 |       0 |      16 |   0.0 |   790
           D:2 |       0 |      71 |   0.0 |       0 |      26 |   0.0 |  1501
           D:3 |       0 |     116 |   0.0 |       0 |      23 |   0.0 |   718
           D:4 |       0 |      89 |   0.0 |       0 |      16 |   0.0 |   867
           D:5 |       0 |     345 |   0.0 |       0 |      12 |   0.0 |   962
           D:6 |       0 |     850 |   0.0 |       0 |      30 |   0.0 |  2049
           D:7 |       0 |    1078 |   0.0 |       0 |      16 |   0.0 |  1497
           D:8 |       0 |    1647 |   0.0 |       0 |      16 |   0.0 |  1640
           D:9 |       0 |    2558 |   0.0 |       0 |      32 |   0.0 |  1366
        Lair:1 |       0 |    3492 |   0.0 |       0 |      30 |   0.0 |  1612
        Lair:2 |       0 |    5024 |   0.0 |       0 |      39 |   0.0 |  2485
        Lair:3 |       0 |    6985 |   0.0 |       0 |      33 |   0.0 |  2297
        Lair:4 |       0 |    5327 |   0.0 |       0 |      24 |   0.0 |  1612
        Lair:5 |       0 |    3946 |   0.0 |       0 |      39 |   0.0 |  1749
        Lair:6 |       0 |   28000 |   0.0 |       0 |      88 |   0.0 |  2667
      Shoals:1 |       0 |    5742 |   0.0 |       0 |      14 |   0.0 |  1524
      Shoals:2 |       0 |    5006 |   0.0 |       0 |      11 |   0.0 |  1039
      Shoals:3 |       0 |     757 |   0.0 |       0 |       1 |   0.0 |    25
       Slime:1 |       0 |    4797 |   0.0 |       0 |       6 |   0.0 |   386
           Lab |       0 |    1474 |   0.0 |       0 |       3 |   0.0 |   973
               +---------+---------+-------+---------+---------+-------+---------
